 Dungeon Crawl Stone Soup version 0.29.1-14-g9c671dbff4 (webtiles) character file.

Game seed: 8251805189200716375

80 hawla the Firebug (level 4, -1/34 HPs)
             Began as a Meteoran Fire Elementalist on Feb 12, 2023.
             Slain by Pikel
             ... wielding a +2 whip of freezing
              (2 damage)
             ... on level 4 of the Dungeon.
             The game lasted 00:06:08 (568 turns).

hawla the Firebug (Meteoran Fire Elementalist)       Turns: 568, Time: 00:06:09

Health: -1/34      AC:  3    Str: 10    XL:     4   Next: 98%
Magic:  0/10       EV: 12    Int: 24    God:
Gold:   46         SH:  0    Dex: 14    Spells: 3/10 levels left

rFire   . . .      SeeInvis .   o - +0 long sword
rCold   . . .      Faith    .   (no shield)
rNeg    . . .      Spirit   .   a - +0 robe
rPois   .          Reflect  .   m - +0 helmet
rElec   .          Harm     .   (no cloak)
rCorr   .          Rampage  .   (no gloves)
Will    .....                   (no boots)
Stlth   +.........              (no amulet)
HPRegen 0.11/turn               c - +6 ring of intelligence
MPRegen 0.12/turn               (no ring)

@: glowing
A: sense surroundings 1, otherworldly, glowing, explore regen
a: no special abilities


You were on level 4 of the Dungeon.
You visited 1 branch of the dungeon, and saw 4 of its levels.

You collected 46 gold pieces.

Inventory:

Hand Weapons
 o - a +0 long sword (weapon)
Armour
 a - a +0 robe (worn)
 m - a +0 helmet (worn)
Jewellery
 c - a +6 ring of intelligence (left hand)
Wands
 j - a wand of flame (19) (quivered)
Scrolls
 d - 2 scrolls of butterflies
 e - 3 scrolls of identify
 i - 3 scrolls of poison {unknown}
 l - a scroll of magic mapping {unknown}
Potions
 b - a potion of magic
 f - a potion of ambrosia
 g - a potion of mutation {unknown}
 k - a potion of might {unknown}
 n - a potion of brilliance {unknown}


   Skills:
 - Level 0.3 Fighting
 - Level 0.1 Long Blades
 - Level 2.5 Dodging
 - Level 1.4 Stealth
 - Level 3.5 Spellcasting
 + Level 3.2 Conjurations
 - Level 4.4 Fire Magic
 + Level 0.2 Evocations


You had 3 spell levels left.
You knew the following spells:

 Your Spells              Type           Power      Damage    Failure   Level
a - Foxfire               Conj/Fire      88%        2x1d8     2%          1
b - Scorch                Fire           50%        2d8       2%          2
c - Flame Wave            Conj/Fire      22%        2d8       22%         4

Your spell library contained the following spells:

 Spells                   Type           Power      Damage    Failure   Level
 Conjure Flame            Conj/Fire      22%        6-21      6%          3
 Inner Flame              Hex/Fire       14%        N/A       12%         3


Dungeon Overview and Level Annotations

Branches:
Dungeon (4/15) Zot: 1823
 Temple: D:4-7

Altars:
Fedhas

Annotations:
D:4 Blork the orc, Pikel


Innate Abilities, Weirdness & Mutations

You passively map a small area around you.
You are easily found by Zot.
You glow in the dark.
You regain HP and MP as you explore.


Message History

The spell is extremely dangerous to miscast (22% risk of failure)!
Continue anyway?
Casting: Flame Wave (extremely dangerous; 22% risk of failure)
Press: ? - help, Dir - look around, f - activate A wave of flame ripples out!
The flame wave engulfs the lemure!
You kill the lemure!
That felt strangely unrewarding.
The flame wave engulfs the lemure!
You kill the lemure!
That felt strangely unrewarding.
The flame wave engulfs Pikel.
Pikel is moderately wounded. (Press . to intensify the flame waves.) Blork the orc comes into view.
He is wielding a +0 mace.
Pikel hits you with a +2 whip of freezing.
Pikel freezes you.
Unknown command.
A wave of flame ripples out!
The flame wave engulfs the lemure!
The lemure is severely wounded.
The flame wave engulfs Pikel.
Pikel is heavily wounded.
The flame wave engulfs the lemure!
The lemure is moderately wounded.
Blork the orc looks braver for a moment.
Pikel hits you with a +2 whip of freezing.
Pikel freezes you. The lemure closely misses you.
Unknown command.
As you read the scroll labelled CITYCI BUAMEEH, it crumbles to dust.
It is a scroll of identify.
f - a potion of ambrosia Pikel hits you but does no damage.
Blork the orc gestures wildly while chanting.
Blork the orc seems to speed up.
The lemure hits you.
* * * LOW HITPOINT WARNING * * *
You hear an angry hiss.
Unknown command.
As you read the scroll of butterflies, it crumbles to dust.
You hear the tinkle of a tiny bell.
Blork the orc looks satisfied for a moment.
Pikel hits you with a +2 whip of freezing!
* * * LOW HITPOINT WARNING * * *
Pikel freezes you.
You die...

.. *#.....# ,,* ...
##.....## ##.. *** <..
#...†...##....
...##.<.##.......# ,..#
........#.....#..# ...#
......##......##.##....#
, *
....).##.(.....#bb......
####...#......b#b##5....
##.........bb@#......
,##........b#5K5..?.. *
,##........#bbb..... , ,
#......(.......... ,
#####............. ,
##............ , ,
##........... + , ,
##...o....## , ,
..........# * ,


You could see Pikel, Blork the orc (fast, ally target) and 2 lemures.

Vanquished Creatures
  2 lemures (D:4)
  Robin (D:2)
  An adder (D:3)
  2 dart slugs
  2 orcs
  3 bats
  4 endoplasms
  2 giant cockroaches
  13 goblins
  4 hobgoblins (D:2)
  3 kobolds
  A quokka (D:1)
  6 ball pythons
  2 frilled lizards
  3 rats
49 creatures vanquished.

Vanquished Creatures (others)
  72 foxfires
72 creatures vanquished.

Grand Total: 121 creatures vanquished

Notes
Turn   | Place    | Note
-------+----------+-------------------------------------------
     0 | D:1      | hawla the Meteoran Fire Elementalist began the quest for
                  | the Orb.
     0 | D:1      | Reached XP level 1. HP: 14/14 MP: 5/5
    59 | D:1      | Reached XP level 2. HP: 20/20 MP: 2/7
    81 | D:1      | Reached skill level 4 in Fire Magic
    84 | D:1      | Learned a level 2 spell: Scorch
   195 | D:1      | Found a faded altar of an unknown god.
   245 | D:2      | Reached XP level 3. HP: 7/26 MP: 6/8
   273 | D:2      | Noticed Robin
   397 | D:2      | Reached XP level 4. HP: 34/34 MP: 7/10
   402 | D:2      | Learned a level 4 spell: Flame Wave
   488 | D:2      | Killed Robin
   515 | D:3      | Found a blossoming altar of Fedhas.
   550 | D:4      | Noticed a lemure
   553 | D:4      | Noticed Pikel
   556 | D:4      | Noticed a lemure
   557 | D:4      | Noticed a lemure
   558 | D:4      | Noticed a lemure
   565 | D:4      | Killed a lemure
   565 | D:4      | Killed a lemure
   565 | D:4      | Noticed Blork the orc
   568 | D:4      | HP: 1/34 [Pikel/+2 whip of freezing (9)]
   568 | D:4      | Slain by Pikel

Illustrated notes

Levels and vault maps discovered:
D:1:      giann_bridges, layout_basic, ebering_ecumenical_altar_sacrificial
D:2:      cheibrodos_helix_gallery, layout_rooms, uniq_robin, uniq_jessica
D:3:      layout_rooms, fedhas_ov_isle_minmay, ebering_ghost_reflecting_pool
D:4:      minmay_polygon_palace, layout_cave_pools, uniq_sigmund, uniq_duvessa,
          uniq_pikel, uniq_blork_the_orc

Skill      XL: |  1  2  3  4 |
---------------+-------------+-----
Spellcasting   | 3 |  3.5
Fire Magic     | 4 |  4.4
Conjurations   | 3 |  3.2
Fighting       | |  0.3
Long Blades    | |  0.1
Dodging        | |  2.5
Stealth        | |  1.4
Evocations     | |  0.2

Action                   |  1- 3 |  4- 6 || total
-------------------------+-------+-------++-------
Melee: Unarmed           |     7 |       ||     7
       Falchion          |    20 |     5 ||    25
       Punch             |       |     1 ||     1
 Cast: Foxfire           |    36 |     9 ||    45
       Scorch            |     2 |     3 ||     5
       Flame Wave        |       |     3 ||     3
  Use: Scroll            |     2 |     2 ||     4
Armor: Robe              |    15 |     4 ||    19
Dodge: Dodged            |    26 |    10 ||    36
